APP
BLUEFIELD BLUE JAYS @ SEATTLE (APP) MARINERS
10/12/2048
 
TOP OF THE 1ST
Princeton Rays batting - Pitching for Greeneville Astros : RHP David Breaux
Pitching: RHP David Breaux
Batting: LHB Jason McCamey 0-0: Called Strike
0-1: Ground out U3 (Groundball, 3L, EV 106.9 MPH)
Batting: RHB Will Timmer 0-0: Ball
1-0: Called Strike
1-1: Called Strike
1-2: Foul Ball, location: 2F
1-2: Ball
2-2: Strikes out looking
Batting: LHB Yasahiko Teshima 0-0: Ball
1-0: Foul Ball, location: 2F
1-1: Swinging Strike
1-2: Ball
2-2: Ball
3-2: Base on Balls
Batting: RHB Hugo Bautista 0-0: Swinging Strike
Yasahiko Teshima is caught stealing 2nd base 2-4
Top of the 1st over - 0 runs, 0 hits, 0 errors, 0 left on base; Princeton 0 - Greeneville 0
BOTTOM OF THE 1ST
Greeneville Astros batting - Pitching for Princeton Rays : RHP Doug Peternek
Pitching: RHP Doug Peternek
Batting: RHB Barry Brents 0-0: Ball
1-0: Ball
2-0: Ball
3-0: Called Strike
3-1: Ground out 6-3 (Groundball, 6, EV 85.0 MPH)
Batting: SHB Yoo-chul Jung 0-0: Called Strike
0-1: Swinging Strike
0-2: Strikes out looking
Batting: LHB Rich Gomez 0-0: Ball
1-0: Fly out, F2 (Popup, 5SF, EV 78.1 MPH)
Bottom of the 1st over - 0 runs, 0 hits, 0 errors, 0 left on base; Princeton 0 - Greeneville 0
TOP OF THE 2ND
Princeton Rays batting - Pitching for Greeneville Astros : RHP David Breaux
Batting: RHB Hugo Bautista 0-0: Ground out 1-3 (Groundball, 34S, EV 78.1 MPH)
Batting: SHB Tristan Dearing 0-0: Ball
1-0: Ball
2-0: Called Strike
2-1: Foul Ball, location: 2F
2-2: Ball
3-2: Strikes out swinging
Batting: RHB Lucas Burhil 0-0: Ball
1-0: Ground out 6-3 (Groundball, 6, EV 78.1 MPH)
Top of the 2nd over - 0 runs, 0 hits, 0 errors, 0 left on base; Princeton 0 - Greeneville 0
BOTTOM OF THE 2ND
Greeneville Astros batting - Pitching for Princeton Rays : RHP Doug Peternek
Batting: RHB Garrett Pálsson 0-0: Called Strike
0-1: Foul Ball, location: 2F
0-2: Ball
1-2: Foul Ball, location: 2F
1-2: Ball
2-2: Foul Ball, location: 2F
2-2: SINGLE (Groundball, 5D, EV 99.4 MPH)
Batting: RHB Matt Lancto 0-0: Swinging Strike
0-1: Ball
Wild Pitch!
Garrett Pálsson to second
1-1: Foul Ball, location: 2F
1-2: Foul Ball, location: 2F
1-2: Ball
2-2: Fly out, F9 (Flyball, 9S, EV 85.6 MPH)
Batting: SHB Dong Ming 0-0: Ball
1-0: Ball
2-0: Called Strike
2-1: SINGLE (Groundball, 34, EV 105.0 MPH)
Garrett Pálsson to third
Runner from 3rd tries for Home, SAFE, throw by RF to home
Dong Ming to second
Batting: RHB Bobby Pedraza 0-0: Ball
1-0: Ball
2-0: Called Strike
2-1: Ball
3-1: SINGLE (Line Drive, 4D, EV 105.0 MPH)
Dong Ming to third
Batting: RHB Tony Almonte 0-0: Fielders Choice at 2nd, 1-6 (Groundball, 34S, EV 87.5 MPH)
Batting: SHB David Pinder 0-0: Ball
1-0: Swinging Strike
1-1: Foul Ball, location: 2F
1-2: Ball
2-2: Ball
3-2: Foul Ball, location: 2F
3-2: Base on Balls
Tony Almonte to second
Batting: RHB Barry Brents 0-0: Ball
1-0: DOUBLE (Groundball, 3L, EV 108.8 MPH)
Dong Ming scores
Tony Almonte scores
David Pinder to third
Runner from 3rd tries for Home, SAFE, throw by RF to trailing runner, SAFE at third!
Batting: SHB Yoo-chul Jung 0-0: Ball
1-0: Foul Ball, location: 2F
1-1: Foul Ball, location: 2F
1-2: Ball
2-2: Strikes out looking
Bottom of the 2nd over - 4 runs, 4 hits, 0 errors, 1 left on base; Princeton 0 - Greeneville 4
TOP OF THE 3RD
Princeton Rays batting - Pitching for Greeneville Astros : RHP David Breaux
Batting: RHB Eric Bushey 0-0: Ball
1-0: Called Strike
1-1: Ball
2-1: SINGLE (Groundball, 56D, EV 94.4 MPH)
Batting: RHB Andy Torres 0-0: Called Strike
Eric Bushey steals 2nd base
0-1: Swinging Strike
0-2: Foul Ball, location: 2F
0-2: Ball
1-2: Strikes out swinging
Batting: RHB Jimmy Hammertime 0-0: Called Strike
0-1: Ball
1-1: SINGLE (Flyball, 8RS, EV 83.1 MPH)
Eric Bushey to third
Batting: LHB Jason McCamey 0-0: Ball
1-0: Ball
2-0: Ball
3-0: Called Strike
3-1: Base on Balls
Jimmy Hammertime to second
Batting: RHB Will Timmer 0-0: Called Strike
0-1: Foul Ball, location: 2F
0-2: Fly out, F8 (Flyball, 8LS, EV 77.5 MPH)
Batting: LHB Yasahiko Teshima 0-0: Ball
1-0: Ball
2-0: Called Strike
2-1: Called Strike
2-2: Strikes out swinging
Top of the 3rd over - 0 runs, 2 hits, 0 errors, 3 left on base; Princeton 0 - Greeneville 4
BOTTOM OF THE 3RD
Greeneville Astros batting - Pitching for Princeton Rays : RHP Doug Peternek
Batting: LHB Rich Gomez 0-0: Ball
1-0: Ball
2-0: Swinging Strike
2-1: Ball
3-1: Foul Ball, location: 2F
3-2: Foul Ball, location: 2F
3-2: Strikes out swinging
Batting: RHB Garrett Pálsson 0-0: Foul Ball, location: 2F
0-1: SOLO HOME RUN (Flyball, 7D, EV 104.4 MPH), Distance : 378 ft
Pitching: RHP Mark Woodcock
Batting: RHB Matt Lancto 0-0: Called Strike
0-1: Swinging Strike
0-2: Ground out 4-3 (Groundball, 4M, EV 101.3 MPH)
Batting: SHB Dong Ming 0-0: Ball
1-0: Called Strike
1-1: Ball
2-1: Foul Ball, location: 2F
2-2: Foul Ball, location: 2F
2-2: Fly out, F7 (Flyball, 78M, EV 84.4 MPH)
Bottom of the 3rd over - 1 run, 1 hit, 0 errors, 0 left on base; Princeton 0 - Greeneville 5
TOP OF THE 4TH
Princeton Rays batting - Pitching for Greeneville Astros : RHP David Breaux
Batting: RHB Hugo Bautista 0-0: Ball
1-0: Fly out, F8 (Flyball, 8LM, EV 83.1 MPH)
Batting: SHB Tristan Dearing 0-0: Called Strike
0-1: Ball
1-1: Ball
2-1: Ball
3-1: Swinging Strike
3-2: Ground out U3 (Groundball, 3L, EV 88.8 MPH)
Batting: RHB Lucas Burhil 0-0: Called Strike
0-1: Ground out 6-3 (Groundball, 6, EV 110.0 MPH)
Top of the 4th over - 0 runs, 0 hits, 0 errors, 0 left on base; Princeton 0 - Greeneville 5
BOTTOM OF THE 4TH
Greeneville Astros batting - Pitching for Princeton Rays : RHP Mark Woodcock
Batting: RHB Bobby Pedraza 0-0: Ball
1-0: Ball
2-0: DOUBLE (Groundball, 3L, EV 110.0 MPH)
Batting: RHB Tony Almonte 0-0: Called Strike
0-1: Ball
1-1: Ball
2-1: Ball
3-1: Foul Ball, location: 2F
3-2: Strikes out looking
Batting: SHB David Pinder 0-0: Ball
1-0: Ground out 6-3 (Groundball, 6, EV 109.4 MPH)
Batting: RHB Barry Brents 0-0: Ground out 5-3 (Groundball, 56, EV 80.6 MPH)
Bottom of the 4th over - 0 runs, 1 hit, 0 errors, 1 left on base; Princeton 0 - Greeneville 5
TOP OF THE 5TH
Princeton Rays batting - Pitching for Greeneville Astros : RHP David Breaux
Batting: RHB Eric Bushey 0-0: Called Strike
0-1: Ball
1-1: Ball
2-1: Called Strike
2-2: SINGLE (Line Drive, 4M, EV 94.4 MPH)
Batting: RHB Andy Torres 0-0: Foul Ball, location: 2F
0-1: Swinging Strike
0-2: Ball
1-2: Ball
2-2: Strikes out swinging
Batting: RHB Jimmy Hammertime 0-0: Ball
1-0: Ball
2-0: Foul Ball, location: 2F
2-1: SINGLE (Groundball, 56D, EV 95.6 MPH)
Eric Bushey to second
Batting: LHB Jason McCamey 0-0: Ball
1-0: SINGLE (Groundball, 6M, EV 101.3 MPH) (infield hit)
Eric Bushey to third
Jimmy Hammertime to second
Pitching: RHP Zach Hayes
Batting: RHB Will Timmer 0-0: Called Strike
0-1: Ball
1-1: Swinging Strike
1-2: Ball
2-2: Strikes out swinging
Batting: LHB Yasahiko Teshima 0-0: Called Strike
0-1: Ball
1-1: Ball
2-1: Called Strike
2-2: Foul Ball, location: 2F
2-2: Strikes out swinging
Top of the 5th over - 0 runs, 3 hits, 0 errors, 3 left on base; Princeton 0 - Greeneville 5
BOTTOM OF THE 5TH
Greeneville Astros batting - Pitching for Princeton Rays : RHP Mark Woodcock
Batting: SHB Yoo-chul Jung 0-0: Ball
1-0: Foul Ball, location: 2F
1-1: Fly out, F3 (Popup, 23F, EV 84.4 MPH)
Batting: LHB Rich Gomez 0-0: Ball
1-0: Fly out, F9 (Line Drive, 9D, EV 90.0 MPH)
Batting: RHB Garrett Pálsson 0-0: Ball
1-0: Ground out U3 (Groundball, 34S, EV 84.4 MPH)
Bottom of the 5th over - 0 runs, 0 hits, 0 errors, 0 left on base; Princeton 0 - Greeneville 5
TOP OF THE 6TH
Princeton Rays batting - Pitching for Greeneville Astros : RHP Zach Hayes
Batting: RHB Hugo Bautista 0-0: Swinging Strike
0-1: Ball
1-1: Called Strike
1-2: Strikes out swinging
Batting: SHB Tristan Dearing 0-0: Swinging Strike
0-1: Swinging Strike
0-2: Strikes out swinging
Batting: RHB Lucas Burhil 0-0: Ball
1-0: Ball
2-0: Ball
3-0: Called Strike
3-1: DOUBLE (Line Drive, 89XD, EV 113.8 MPH)
Batting: RHB Eric Bushey 0-0: Ball
1-0: Foul Ball, location: 2F
1-1: Ball
2-1: Ball
3-1: Base on Balls
Batting: RHB Andy Torres 0-0: Ball
1-0: Ball
2-0: Foul Ball, location: 2F
2-1: Ground out U3 (Groundball, 34, EV 85.0 MPH)
Top of the 6th over - 0 runs, 1 hit, 0 errors, 2 left on base; Princeton 0 - Greeneville 5
BOTTOM OF THE 6TH
Greeneville Astros batting - Pitching for Princeton Rays : RHP Mark Woodcock
Batting: RHB Matt Lancto 0-0: Called Strike
0-1: Called Strike
0-2: Ball
1-2: Strikes out swinging
Batting: SHB Dong Ming 0-0: Foul Ball, location: 2F
0-1: Ground out 5-3 (Groundball, 56, EV 87.5 MPH)
Batting: RHB Bobby Pedraza 0-0: Swinging Strike
0-1: Ball
1-1: Fly out, F7 (Flyball, 78S, EV 93.1 MPH)
Bottom of the 6th over - 0 runs, 0 hits, 0 errors, 0 left on base; Princeton 0 - Greeneville 5
TOP OF THE 7TH
Princeton Rays batting - Pitching for Greeneville Astros : RHP Zach Hayes
Batting: RHB Jimmy Hammertime 0-0: Ball
1-0: Called Strike
1-1: Ground out 2-3 (Groundball, 2R, EV 72.5 MPH)
Batting: LHB Jason McCamey 0-0: Called Strike
0-1: Ground out 4-3 (Groundball, 4, EV 79.4 MPH)
Batting: RHB Will Timmer 0-0: Called Strike
0-1: Swinging Strike
0-2: Foul Ball, location: 2F
0-2: Foul Ball, location: 2F
0-2: Ball
1-2: Fly out, F5 (Popup, 6S, EV 66.9 MPH)
Top of the 7th over - 0 runs, 0 hits, 0 errors, 0 left on base; Princeton 0 - Greeneville 5
BOTTOM OF THE 7TH
Greeneville Astros batting - Pitching for Princeton Rays : RHP Mark Woodcock
Batting: RHB Tony Almonte 0-0: Called Strike
0-1: Ground out 4-3 (Groundball, 4S, EV 83.1 MPH)
Batting: SHB David Pinder 0-0: Ball
1-0: Called Strike
1-1: Called Strike
1-2: SINGLE (Groundball, 56D, EV 94.4 MPH)
Batting: RHB Barry Brents 0-0: Ball
1-0: Ball
2-0: Ground out 4-3 (Groundball, 4S, EV 87.5 MPH)
David Pinder to second
Batting: SHB Yoo-chul Jung 0-0: Swinging Strike
0-1: Called Strike
0-2: Ball
1-2: Ball
2-2: Strikes out swinging
Bottom of the 7th over - 0 runs, 1 hit, 0 errors, 1 left on base; Princeton 0 - Greeneville 5
TOP OF THE 8TH
Princeton Rays batting - Pitching for Greeneville Astros : RHP Zach Hayes
Batting: LHB Yasahiko Teshima 0-0: Swinging Strike
0-1: Foul Ball, location: 2F
0-2: Foul Ball, location: 2F
0-2: Ball
1-2: Strikes out swinging
Batting: RHB Hugo Bautista 0-0: Ball
1-0: Called Strike
1-1: Ground out 4-3 (Groundball, 34, EV 101.9 MPH)
Batting: SHB Tristan Dearing 0-0: Called Strike
0-1: Ball
1-1: Ground out 5-3 (Groundball, 6, EV 84.4 MPH)
Top of the 8th over - 0 runs, 0 hits, 0 errors, 0 left on base; Princeton 0 - Greeneville 5
BOTTOM OF THE 8TH
Greeneville Astros batting - Pitching for Princeton Rays : RHP Mark Woodcock
Batting: LHB Rich Gomez 0-0: Swinging Strike
0-1: Foul Ball, location: 2F
0-2: Ball
1-2: Strikes out swinging
Batting: RHB Garrett Pálsson 0-0: Foul Ball, location: 2F
0-1: Fly out, F7 (Flyball, 7D, EV 103.8 MPH)
Batting: RHB Matt Lancto 0-0: Called Strike
0-1: Swinging Strike
0-2: Foul Ball, location: 2F
0-2: Ball
1-2: Ground out 4-3 (Groundball, 4, EV 107.5 MPH)
Bottom of the 8th over - 0 runs, 0 hits, 0 errors, 0 left on base; Princeton 0 - Greeneville 5
TOP OF THE 9TH
Princeton Rays batting - Pitching for Greeneville Astros : RHP Zach Hayes
Batting: RHB Lucas Burhil 0-0: Fly out, F4 (Popup, 4S, EV 75.6 MPH)
Batting: RHB Eric Bushey 0-0: Ball
1-0: Called Strike
1-1: Reached on error, E6 (Groundball, 56, EV 80.6 MPH)
Pitching: RHP Jose Miranda
Batting: RHB Andy Torres 0-0: Fielders Choice at 2nd, 3-6 (Groundball, 34S, EV 81.3 MPH)
Batting: RHB Jimmy Hammertime 0-0: Called Strike
0-1: Ball
1-1: Foul Ball, location: 2F
1-2: Strikes out looking
Top of the 9th over - 0 runs, 0 hits, 1 error, 1 left on base; Princeton 0 - Greeneville 5
Tuesday, March 28th , 2023 - OOTP Baseball 23.10 Build 110